[Event "American Cup Women Champions 2024"]
[Site "Saint Louis"]
[Date "2024.03.15"]
[Round "2.3"]
[White "Paikidze, Nazi"]
[Black "Krush, Irina"]
[Result "1-0"]
[ECO "B26"]
[WhiteElo "2319"]
[BlackElo "2421"]
[Annotator "TA"]
[PlyCount "87"]
[EventDate "2024.03.11"]
[EventType "k.o."]
[EventCountry "USA"]
[SourceTitle "playchess.com"]
[Source "ChessBase"]
[SourceQuality "1"]
[TimeControl "900+10"]

1. e4 c5 2. Nc3 e6 3. g3 Nc6 4. Bg2 g6 5. d3 Bg7 6. Be3 d6 7. Qd2 Qd7 8. O-O-O Rb8 9. f4 $1 Nge7 10. g4 (10. Nf3 $14) 10... b5 $11 {[%emt 0:00:00][%cal Bb7b5,Bb5b4][%mdl 32] [#]} 11. f5 Nd4 (11... exf5 12. exf5 b4 13. Ne4 gxf5 14. gxf5 Nxf5 15. Bg5 $11) (11... b4 $17 12. Nce2 Ne5 (12... exf5 13. gxf5 gxf5 14. Nf4 $11)) 12. Nce2 $14 Nec6 13. Nxd4 Nxd4 14. c3 Nc6 15. Nf3 b4 {[%emt 0:00:00] aiming for ...bxc3.} 16. c4 Nd4 17. Bxd4 cxd4 18. Kb1 {[%emt 0:00:00] White is more active.} O-O 19. h4 Qe7 20. Rde1 e5 {[%emt 0:00:00] [#]} (20... Qd8 $16) 21. g5 $1 $18 gxf5 22. exf5 Bxf5 23. Nxd4 Bd7 24. h5 h6 25. gxh6 Bf6 26. Bh3 Kh7 27. Qf2 Bg5 28. Bf5+ Kh8 29. Bxd7 Qxd7 30. Qf5 Qxf5 31. Nxf5 Rb6 (31... Rfd8 $16 32. b3 Kh7) 32. Rhg1 f6 33. d4 b3 {[%emt 0:01:24] [#]} 34. axb3 {[%emt 0:02:36] And now c5 would win.} Rxb3 (34... Rfb8 {was necessary.} 35. Rg2 (35. dxe5 Rxb3 36. Nxd6 Rxb2+ 37. Ka1 Kh7 $11) 35... Rxb3 36. Nxd6 exd4) 35. Nxd6 Bxh6 36. d5 {[%emt 0:02:45] Strongly threatening c5.} (36. dxe5 Bf4 37. Rgf1 fxe5 $11 (37... Bxe5 $2 {perishes.} 38. Rxe5 fxe5 39. Rxf8+ $18)) 36... Kh7 $2 (36... Rfb8 37. Rg2 Bf8) 37. c5 Rfb8 38. Rg2 Bf8 39. Ne4 Bg7 40. c6 f5 41. Ng5+ Kh6 42. Ne6 {[%emt 0:01:00] Threatening mate with c7.} Bh8 43. c7 Rc8 44. Rh1 {[%emt 0:00:08] Weighted Error Value: White=0.15 (very precise) /Black=0.54.  Mistake:       	White=2     	Black=5      Inaccurate:     	White=2     	Black=4      OK:         	White=14    	Black=10     Best:        	White=2     	Black=3      Strong:       	White=2     	---} 1-0

[Event "American Cup Women Champions 2024"]
[Site "Saint Louis"]
[Date "2024.03.15"]
[Round "2.4"]
[White "Krush, Irina"]
[Black "Paikidze, Nazi"]
[Result "1-0"]
[ECO "E91"]
[WhiteElo "2421"]
[BlackElo "2319"]
[Annotator "TA"]
[PlyCount "63"]
[EventDate "2024.03.11"]
[EventType "k.o."]
[EventCountry "USA"]
[SourceTitle "playchess.com"]
[Source "ChessBase"]
[SourceQuality "1"]
[TimeControl "900+10"]

1. d4 g6 2. c4 Bg7 3. e4 d6 4. Nc3 Nd7 5. Nf3 c5 6. d5 Ngf6 7. Be2 a6 8. a4 O-O 9. O-O Ne8 10. Bf4 Ne5 11. Nxe5 dxe5 ({Black should try} 11... Bxe5 12. Bxe5 dxe5) 12. Be3 $16 Qc7 13. a5 {[%emt 0:00:58] White is more active.} Bd7 14. Qc2 ({White should play} 14. Qb1 $18) 14... Nd6 (14... f5 $16 {keeps fighting.} 15. b4 cxb4) 15. Rfb1 $18 f5 16. f3 fxe4 17. Nxe4 Bf5 (17... Nxe4 $142 18. fxe4 (18. Qxe4 Bf5 $17) 18... e6) 18. b4 (18. Bxc5 $2 Qxc5+ 19. Nxc5 Bxc2 $19) 18... cxb4 19. c5 Bxe4 (19... Nb5 $142 20. Qb3 (20. Rxb4 Nd4 $18) (20. Bxb5 axb5 21. Qb3 Qc8 $16) 20... Qc8 21. Bxb5 (21. Qxb4 Nd4 $18) 21... axb5 22. Qxb4 h5 23. Qxb5 Bxe4) 20. fxe4 Nb5 21. Bxb5 (21. Rxb4 Nd4 22. Qc4 Kh8 $18) 21... axb5 22. Qa2 {[%emt 0:00:01] [#] Black must now prevent d6+.} (22. Rxb4 Rxa5 23. Rab1 Qd7 $18) 22... Qd7 23. Rxb4 ({Don't do} 23. c6 Qc8 24. Bb6 (24. Rxb4 Kh8 $18) (24. d6+ Kh8 $18) 24... Bh6 $18) 23... Kh8 24. Qe2 Ra6 (24... h5 $142 25. h3 (25. Rxb5 Rf6 $18) (25. Qxb5 Qg4 $18) 25... Rfb8 26. Qxb5 (26. Rxb5 Bf6 $18) 26... Qc8) 25. Rxb5 Rfa8 26. Rab1 Rxa5 27. Rxb7 Qe8 28. c6 {[%emt 0:00:02][%cal Bc5c6,Bc6c7][%mdl 32] [#] And now c7 would win.} Ra1 29. Qd1 Rxb1 30. Qxb1 {[%emt 0:00:04] White threatens c7 and mate.} e6 31. c7 Rc8 32. Rb8 {[%emt 0:00:14] White took control after the opening.   Weighted Error Value: White=0.19 (very precise) /Black=0.77.  Mistake:       	White=1     	Black=5      Inaccurate:     	---       	Black=3      OK:         	White=10    	Black=3      Best:        	White=1     	---} 1-0

[Event "American Cup Women Champions 2024"]
[Site "Saint Louis"]
[Date "2024.03.16"]
[Round "3.1"]
[White "Krush, Irina"]
[Black "Lee, Alice"]
[Result "1-0"]
[ECO "C00"]
[WhiteElo "2421"]
[BlackElo "2356"]
[Annotator "TA"]
[PlyCount "77"]
[EventDate "2024.03.11"]
[EventType "k.o."]
[EventCountry "USA"]
[SourceTitle "playchess.com"]
[Source "ChessBase"]
[SourceQuality "1"]
[TimeControl "5400+30"]

1. Nf3 d5 2. g3 Nf6 3. Bg2 e6 4. O-O Be7 5. d3 O-O 6. Nbd2 c5 7. e4 Nc6 8. Re1 a6 9. e5 Nd7 10. Nf1 b5 11. h4 {[%emt 0:01:40] The position is equal.} Bb7 12. N1h2 Rc8 13. Ng4 c4 14. d4 c3 15. b3 a5 16. a3 ({White should play} 16. Bf1 $16) 16... Qe8 (16... b4 $14) 17. Qd3 $16 h5 18. Ngh2 (18. Qxb5 $2 hxg4 19. Nh2 Nxd4 $19) 18... b4 19. a4 (19. axb4 $142 {Hoping for b5.} Nxb4 20. Qd1) 19... Nd8 20. Bg5 f5 21. exf6 Nxf6 {[%emt 0:00:12] [#]} 22. Ne5 $1 {[%emt 0:06:15] White is more active.} Ne4 23. Bxe7 Qxe7 24. f4 (24. Nhf3 $16) 24... Rf6 {[%emt 0:03:08] Prevents Ng6} 25. Nf1 Nf7 26. Qe2 g6 27. Bxe4 dxe4 28. Ne3 (28. Qb5 $1 $14) 28... Nxe5 (28... Nd6 $1 $11) 29. dxe5 Rf7 30. Rad1 ({White should try} 30. Red1 $18) 30... Rd8 {[%emt 0:00:56] Prevents Rd6} 31. Kh2 (31. Qb5 $16 Rd2 32. Rxd2 cxd2 33. Rd1) 31... Kg7 {[%emt 0:00:56] [#]} ({Better is} 31... Qc7 $14) 32. Nc4 (32. Qb5 $1 $16 ) 32... Rxd1 $11 33. Rxd1 Rf8 (33... Rxf4 $1 $11 {keeps the balance.} 34. gxf4 Qxh4+ 35. Kg1 e3 36. Rd7+ (36. Nxe3 Qh1+ 37. Kf2 Qh4+ 38. Kg1 Qh1+ 39. Kf2 Qh4+ 40. Kg1 $11) 36... Kh6 37. Rxb7 (37. Qxe3 Qg4+ 38. Kf2 Qg2+ 39. Ke1 Bf3 $11) 37... Qg3+ 38. Qg2 (38. Kf1 Qh3+ 39. Kg1 Qg3+ 40. Kf1 Qh3+ 41. Kg1 Qg3+ $11) 38... Qe1+ 39. Qf1 Qg3+ 40. Qg2 Qe1+ 41. Qf1 Qg3+ 42. Kh1 (42. Qg2 Qe1+ $11) 42... Qh4+ 43. Kg2 (43. Kg1 Qg3+ $11) 43... Qg4+ 44. Kh2 Qh4+ 45. Kg1 Qg4+ 46. Kh1 (46. Kh2 Qh4+ 47. Kg2 Qg4+ 48. Kh2 $11) 46... Qh4+ 47. Kg2 (47. Kg1 Qg3+ $11) 47... Qg4+ 48. Kh2 Qh4+ 49. Kg1 Qg4+ 50. Kh2) 34. Nd6 $16 (34. Nxa5 Bd5 $14) 34... Rd8 $2 {[%emt 0:00:17] Black cannot hold the game after this.} (34... Bd5 $16 35. Qf2 (35. Nxe4 Bxe4 36. Qxe4 Rd8 $11) 35... e3 36. Qxe3 Kh7) 35. Qb5 $18 (35. Nxe4 $2 {is the wrong capture.} Rxd1 36. Qxd1 Bxe4 $19) 35... e3 36. Re1 (36. Qxb7 $2 {perishes.} Qxb7 37. Rd3 Qb6 $19 (37... Qf3 {leads to mate.} 38. Rxe3 Qxe3 39. Kg2 Qe2+ 40. Kh1 Qxc2 41. g4 Qe2 42. gxh5 c2 43. Nf5+ Kf8 44. Ng3 c1=Q+ 45. Nf1 Qcxf1#) (37... Qf3 38. Rxe3 Qxe3 39. Kg2 Qe2+ 40. Kh1 Qxc2 41. g4 Qe2 42. gxh5 c2 43. Nf5+ Kf8 44. Ng3 c1=Q+ 45. Nf1 Qcxf1#)) 36... Bd5 (36... Ba8 {was called for.}) 37. Qxa5 Ra8 38. Qxb4 {[%emt 0:00:59][%cal Od6f5] Intending Nf5+! and mate.} g5 {[%emt 0:00:34] [#]} 39. Nf5+ $1 {[%emt 0:00:12][%mdl 512] Weighted Error Value: White=0.22 (precise) /Black=0.66.  Loses game:     	---       	Black=1      Mistake:       	White=7     	Black=6      Inaccurate:     	White=1     	Black=4      OK:         	White=14    	Black=7      Best:        	White=2     	Black=1      Strong:       	White=1     	---} 1-0

[Event "American Cup Women Champions 2024"]
[Site "Saint Louis"]
[Date "2024.03.16"]
[Round "3.2"]
[White "Lee, Alice"]
[Black "Krush, Irina"]
[Result "1/2-1/2"]
[ECO "E11"]
[WhiteElo "2356"]
[BlackElo "2421"]
[Annotator "TA"]
[PlyCount "93"]
[EventDate "2024.03.11"]
[EventType "k.o."]
[EventCountry "USA"]
[SourceTitle "playchess.com"]
[Source "ChessBase"]
[SourceQuality "1"]
[TimeControl "5400+30"]

1. d4 Nf6 2. c4 e6 3. Nf3 Bb4+ 4. Bd2 Qe7 5. e3 b6 6. Bd3 {[%emt 0:00:30] E11: Bogo-Indian.} Bxd2+ (6... Bb7 7. O-O Bxd2 8. Nbxd2 c5 9. e4 cxd4 10. e5 Ng4 11. h3 Nh6 12. Nxd4 Nc6 13. Nxc6 Bxc6 14. Ne4 O-O 15. Qh5 Nf5 16. Ng3 g6 {½-½ Lee,A (2388)-Krush,I (2437) USA-ch (Women) 2023 (9)}) 7. Qxd2 Bb7 8. Nc3 c5 9. e4 cxd4 10. Nxd4 Nc6 $146 ({Predecessor:} 10... d6 11. O-O O-O 12. Rae1 Nc6 13. Bb1 Rac8 14. Nc2 a6 15. b3 Qc7 16. Ne3 Ne5 {0-1 Makkar,R (2465)-Noe,C (2528) London GM-A 2023 (3)}) 11. Nxc6 dxc6 12. Qg5 (12. e5 $14 Nd7 13. Qe3) 12... e5 $15 13. O-O O-O 14. Ne2 h6 15. Qe3 Rad8 16. Rfd1 Bc8 17. Rac1 Be6 18. a3 Rd7 19. h3 Rfd8 20. b4 {[%emt 0:00:55] [#]} (20. Ng3 $1 $15) 20... Nh5 $1 $17 21. Qf3 Qg5 22. Kf1 c5 23. b5 (23. bxc5 $17 bxc5 24. Rc3) 23... Nf4 24. Nxf4 exf4 25. Rc3 (25. Be2 $142) 25... Qe5 $19 26. Rdc1 Rd4 27. a4 f6 28. Qe2 (28. Kg1 {is a better defense.}) 28... Bf7 29. f3 Qd6 30. Rd1 Kf8 {[%emt 0:00:42][%cal Of7c4] White must now prevent ...Bxc4!} 31. Ke1 {[%emt 0:00:39] [#]} Bxc4 $1 32. Rxc4 Rxd3 33. Rxd3 Qxd3 {[%emt 0:00:21][%mdl 4096] Endgame. KQR-KQR} 34. h4 $2 (34. Qxd3 Rxd3 35. h4) 34... Qb1+ 35. Kf2 Qh1 (35... Rd1 $142 {( -> ...Rh1)} 36. Qxd1 Qxd1) 36. e5 Rd1 37. Rxf4 {[%emt 0:00:25] [#]} Qg1+ $2 (37... g5 $1 $19 38. Rxf6+ Kg7 39. Rxh6 (39. hxg5 $2 hxg5 40. Rc6 Qh4+ 41. g3 Qd4+ 42. Kg2 Rd2 $19) 39... Kxh6 40. hxg5+ Kg7 (40... Kxg5 41. Qe3+ Kh5 42. g4+ Kg6 43. Qe4+ Kg7 44. Qb7+ Kf8 45. Qa8+ Ke7 46. Qb7+ Rd7 47. Qxd7+ Kxd7 48. e6+ Kxe6 49. g5 c4 50. g6 c3 51. f4 c2 52. g7 Kf7 53. Kg3 c1=Q 54. g8=Q+ Kxg8 55. Kg4 Qcg1+ 56. Kf5 Qd5+ 57. Kf6 Qg7#)) 38. Kg3 $11 Re1 39. Qd3 {[%emt 0:00:38] Intending Qd8+ and mate.} Rxe5 40. Qd8+ Kf7 {[%emt 0:01:06] ...Qe1+ is the strong threat.} 41. Qd7+ Re7 42. Qd5+ Kf8 {[%emt 0:00:44] Strongly threatening ...Qe1+.} 43. Qd8+ Kf7 44. Qd5+ Kf8 {[%emt 0:00:25] aiming for ...Qe1+.} 45. Qd8+ Kf7 {[%emt 0:00:21] Hoping for ...Qe1+.} 46. Qd5+ Kf8 {[%emt 0:00:30] ...Qe1+ would now be deadly.} 47. Qd8+ 1/2-1/2

[Event "American Cup Women Champions 2024"]
[Site "Saint Louis"]
[Date "2024.03.17"]
[Round "3.3"]
[White "Lee, Alice"]
[Black "Krush, Irina"]
[Result "0-1"]
[ECO "E11"]
[WhiteElo "2356"]
[BlackElo "2421"]
[Annotator "TA"]
[PlyCount "134"]
[EventDate "2024.03.11"]
[EventType "k.o."]
[EventCountry "USA"]
[SourceTitle "playchess.com"]
[Source "ChessBase"]
[SourceQuality "1"]
[TimeControl "5400+30"]

1. d4 Nf6 2. c4 e6 3. Nf3 Bb4+ 4. Bd2 Qe7 5. g3 Bxd2+ 6. Qxd2 Nc6 7. Qc2 O-O 8. Bg2 d6 9. O-O e5 10. d5 Nb4 11. Qd2 Na6 12. b4 c6 13. dxc6 bxc6 14. b5 Nc5 15. bxc6 Be6 16. Na3 Nfe4 17. Qc2 Rac8 18. Rfd1 Rxc6 19. Nd4 exd4 20. Bxe4 d3 21. Bxd3 Nxd3 22. Qxd3 Rfc8 23. Qe3 a6 24. Rd4 h6 25. Rad1 Qc7 26. Qd2 Rd8 27. Rc1 (27. Qd3 $14 {was preferrable.}) 27... Rc5 28. Rc3 Ra5 29. Rcd3 (29. Nc2 $14) 29... Ra4 $11 30. Qc2 (30. Rxd6 $2 {loses.} Rxd6 31. Rxd6 Rxa3 32. Rd8+ Kh7 33. Qc2+ g6 $19) 30... Rb4 31. Qd2 Ra4 32. Qc2 (32. Rxd6 $2 {is the wrong capture.} Rxd6 33. Rxd6 Rxa3 34. Rd8+ Kh7 $19) 32... Rb4 33. Rb3 Qc5 34. Rxb4 Qxb4 35. Qc1 Rc8 36. Rd3 d5 37. Rb3 Qc5 38. Nb1 (38. Qe3 $11) 38... dxc4 39. Rc3 Qd4 (39... Qe5 $17 40. Qd2 Bf5) 40. Nd2 (40. Qd2 $11 Qb6 41. Rc1) 40... Bd5 41. e4 (41. Nf1 $11 {keeps the balance.}) 41... Be6 42. Qc2 {[%emt 0:00:27] [#]} Rd8 (42... Bh3 $1 $17 {And now ...Rd8 would win.} 43. Nf3 Qd6) 43. Nf3 $15 Qd7 44. h4 Qc7 45. Kg2 Rd6 46. Qe2 Qd8 47. Ne5 Rd2 48. Qe3 Rxa2 49. Nxc4 Ra1 50. Nd2 a5 51. Rd3 (51. Nb3 $15 Ra3 52. Nc5 Rxc3 53. Qxc3) 51... Qc7 52. Rc3 (52. Nb3 $17 Ra3 53. Nd4 Rxd3 54. Qxd3) 52... Qb8 $2 (52... Qd7 $19 {Strongly threatening ...a4.} 53. Rd3 Qb5) 53. Qd4 $2 {[%emt 0:01:03] [#]} (53. Nb3 $15 Ra3 54. Nc5 Rxc3 55. Qxc3) 53... Rd1 $1 $19 54. Rd3 Qc7 55. Qb2 a4 56. Rd4 Qa5 ({Inferior is} 56... Qa7 57. Rd8+ Kh7 58. Qc2 $11) 57. Nc4 $2 (57. Qc2 {was forced.} Ra1 58. g4) 57... Qe1 $19 58. Rxd1 Qxd1 59. Qb4 (59. Ne5 $142) 59... Qd4 $19 60. Qb8+ Kh7 61. Na3 Qxe4+ 62. Kh2 Qf3 63. Qb1+ Bf5 64. Qh1 Qxa3 65. Qd5 Qd3 66. Qxf7 a3 67. h5 Qc2 0-1

[Event "American Cup Women Champions 2024"]
[Site "Saint Louis"]
[Date "2024.03.19"]
[Round "4.1"]
[White "Krush, Irina"]
[Black "Lee, Alice"]
[Result "1/2-1/2"]
[ECO "E24"]
[WhiteElo "2421"]
[BlackElo "2356"]
[Annotator "TA"]
[PlyCount "46"]
[EventDate "2024.03.11"]
[EventType "k.o."]
[EventCountry "USA"]
[SourceTitle "playchess.com"]
[Source "ChessBase"]
[SourceQuality "1"]
[TimeControl "5400+30"]

1. c4 e6 2. Nc3 d5 3. d4 Nf6 4. cxd5 exd5 5. Bg5 Bb4 6. e3 h6 7. Bxf6 Qxf6 8. a3 Bxc3+ 9. bxc3 O-O 10. Bd3 Bf5 11. Ne2 Nd7 12. O-O Nb6 13. f3 Qe6 14. Bxf5 Qxf5 {[%emt 0:00:07] [#]} 15. e4 $1 dxe4 (15... Qd7 16. Qd3) 16. Ng3 Qg5 (16... Qe6 $11 {keeps the balance.}) 17. fxe4 $16 Nc4 18. Rf3 {[%emt 0:15:00] Strongly threatening Nf5.} Qd2 19. Qb3 Ne3 20. Rf2 Qd3 21. Rf3 {[%emt 0:15:33][%cal Ob3a2] [#] Threatens to win with Qa2!} Qd2 22. Rf2 Qd3 23. Rf3 {[%emt 0:00:51][%cal Ob3a2] Hoping for Qa2!} Qd2 {[%emt 0:03:51] Weighted Error Value: White=0.17 (very precise) /Black=0.15 (very precise) .  Mistake:       	---       	Black=1      Inaccurate:     	White=2     	---        OK:         	White=9     	Black=6      Best:        	White=2     	Black=2} 1/2-1/2

[Event "American Cup Women Champions 2024"]
[Site "Saint Louis"]
[Date "2024.03.19"]
[Round "4.2"]
[White "Lee, Alice"]
[Black "Krush, Irina"]
[Result "1-0"]
[ECO "E11"]
[WhiteElo "2356"]
[BlackElo "2421"]
[Annotator "TA"]
[PlyCount "115"]
[EventDate "2024.03.11"]
[EventType "k.o."]
[EventCountry "USA"]
[SourceTitle "playchess.com"]
[Source "ChessBase"]
[SourceQuality "1"]
[TimeControl "900+10"]

1. d4 Nf6 2. c4 e6 3. Nf3 Bb4+ 4. Bd2 Qe7 5. g3 Bxd2+ 6. Qxd2 Nc6 7. a3 d5 8. Bg2 O-O 9. Qc3 Ne4 {[%emt 0:02:14] Against Nbd2. The position is equal.} 10. Qc1 Na5 11. Nbd2 {[%emt 0:00:16] Repels Nb3} Nxd2 12. Nxd2 Nxc4 13. Nxc4 dxc4 14. Qxc4 c6 15. Qc3 Re8 16. Rd1 Bd7 17. O-O h6 18. h4 Red8 19. h5 Be8 20. Bf3 Rd6 21. Rd3 Rad8 22. Kg2 f6 23. Rfd1 Bf7 24. Qa5 b6 25. Qc3 c5 26. dxc5 Rxd3 27. Rxd3 Rxd3 28. Qxd3 bxc5 $14 {[%emt 0:02:20][%mdl 4096] Endgame. KQB-KQB} 29. e3 Qc7 30. Qc4 Qe5 31. b3 Kh8 32. Qa6 Qc7 33. Qc4 {[%emt 0:00:17] aiming for b4.} Qe7 34. b4 cxb4 35. axb4 e5 {[%emt 0:01:20] [#]} (35... Qd7 $11) 36. Qc8+ $1 $16 {[%emt 0:00:01] White now steadily converts the win.} Qe8 {[%emt 0:00:01] [#]} 37. Qb7 Bxh5 (37... e4 $142 38. Bxe4 Bxh5) 38. Bc6 $2 (38. Qxa7 Bxf3+ 39. Kxf3 Qc6+ 40. e4 Qc3+ 41. Kg2 Qxb4 $15) (38. Bxh5 $18 {and the rest is easy.} Qxh5 39. Qxa7) 38... Qf8 (38... Qf7 $16) 39. b5 $2 (39. Qxa7 $18 {Hoping for b5.} Qxb4 40. Qa8+ Kh7 41. Bd5 Bf3+ 42. Kxf3 (42. Bxf3 Qe7 $18)) 39... f5 $2 (39... Qf7 $11 40. Qa8+ Kh7) 40. Qxa7 $18 {[%emt 0:00:05] Black must now prevent b6.} Qb4 (40... Kh7 $18 41. Qd7 Be2) 41. Qb8+ Kh7 42. Qxe5 (42. Bd5 $142 e4 43. Qg8+ Kg6 44. Bf7+ Kf6 45. Bxh5) 42... Bg4 43. Bd7 Qb1 {[%emt 0:00:04] [#]} 44. e4 $1 g6 (44... Bh3+ 45. Kh2) 45. Qe7+ Kh8 46. Qf6+ Kh7 47. Qe7+ Kh8 48. exf5 Bxf5 49. Qf8+ Kh7 50. Qf7+ Kh8 51. Qf8+ Kh7 52. Bxf5 gxf5 {[%emt 0:00:01] KQ-KQ} 53. Qf7+ Kh8 54. Qe8+ Kg7 55. Qd7+ (55. Qe7+ $142 Kh8 56. Qf6+ Kg8 57. b6 (57. Qxh6 Qxb5 58. Qg6+ Kf8 $14) 57... Qe4+ 58. Kh2 f4 59. Qxf4 Qb7 60. Qc7 (60. Qxh6 Qd5 $18)) 55... Kg6 56. Qc6+ {[%emt 0:00:01] White mates.} Kg5 57. f4+ Kh5 58. Qe8+ {[%emt 0:00:01] Weighted Error Value: White=0.45/Black=0.70.  Loses game:     	---       	Black=2      Missed win:     	White=2     	---        Mistake:       	---       	Black=3      Inaccurate:     	---       	Black=3      OK:         	White=9     	Black=17     Best:        	White=2     	---        Strong:       	White=1     	---} 1-0

[Event "American Cup Women Champions 2024"]
[Site "Saint Louis"]
[Date "2024.03.20"]
[Round "4.3"]
[White "Lee, Alice"]
[Black "Krush, Irina"]
[Result "1-0"]
[ECO "A56"]
[WhiteElo "2356"]
[BlackElo "2421"]
[Annotator "RC"]
[PlyCount "127"]
[EventDate "2024.03.11"]
[EventType "k.o."]
[EventCountry "USA"]
[SourceTitle "playchess.com"]
[Source "ChessBase"]
[SourceQuality "1"]
[TimeControl "900+10"]

1. d4 Nf6 2. c4 c5 3. d5 e5 4. Nc3 d6 5. e4 Nbd7 6. Nge2 g6 7. Ng3 h5 8. Bd3 h4 9. Nge2 Bh6 10. Bxh6 Rxh6 11. Qd2 Rh8 12. a3 Kf8 13. O-O-O Kg7 14. g3 a6 15. f4 Ng4 16. Rdf1 hxg3 17. hxg3 Ndf6 18. Kb1 Bd7 19. f5 Rb8 20. a4 Nh2 21. Rd1 Nf3 22. Qc1 Ng4 23. Rxh8 Qxh8 24. Rh1 Qd8 25. Ng1 Nxg1 26. Rxg1 Qf6 27. Rf1 Rh8 28. Be2 Nh6 29. g4 g5 30. Bd1 Ng8 31. Qe3 Qh6 32. Ne2 b5 33. Ng3 f6 34. axb5 axb5 35. Qa3 Kf7 36. Qa7 Ke7 37. Rh1 Qxh1 38. Nxh1 Rxh1 39. cxb5 Rxd1+ 40. Ka2 Rd4 41. b6 Rxe4 42. b7 Rb4 43. b8=Q Rxb8 44. Qxb8 Nh6 45. b4 cxb4 46. Qxb4 Nf7 47. Kb3 Be8 48. Qb8 Bd7 49. Qc7 Ke8 50. Kb4 Ke7 51. Ka5 Ke8 52. Kb6 Ke7 53. Qc4 Be8 54. Kc7 Bd7 55. Qb4 Be8 56. Qb7 Bd7 57. Qb8 e4 58. Qb4 Be8 59. Qxe4+ Ne5 60. Qb4 Nf7 61. Qb8 Bd7 62. Qa8 Ne5 63. Qd8+ Kf7 64. Qxd7+ 1-0

[Event "American Cup Women Champions 2024"]
[Site "Saint Louis"]
[Date "2024.03.21"]
[Round "5.1"]
[White "Krush, Irina"]
[Black "Lee, Alice"]
[Result "1-0"]
[ECO "D60"]
[WhiteElo "2421"]
[BlackElo "2356"]
[Annotator "TA"]
[PlyCount "69"]
[EventDate "2024.03.11"]
[EventType "k.o."]
[EventCountry "USA"]
[SourceTitle "playchess.com"]
[Source "ChessBase"]
[SourceQuality "1"]
[TimeControl "900+10"]

1. c4 e6 2. Nc3 d5 3. d4 Nf6 4. Bg5 Be7 5. e3 h6 6. Bh4 O-O 7. Nf3 Nbd7 8. Bd3 dxc4 9. Bxc4 a6 10. a4 c5 11. O-O cxd4 12. Nxd4 Ne5 13. Be2 Nd5 {[%emt 0:01:19] [#] aiming for ...Nxc3.} 14. Bxe7 Nxe7 {[%emt 0:00:02] White is slightly better.} 15. Qb3 Qa5 16. Rfd1 N7c6 17. Nxc6 Nxc6 18. Ne4 Qc7 19. Rac1 Qe7 20. Qb6 {[%emt 0:01:06] White is much more active. The black rooks are passive.} e5 21. Nc5 Rd8 22. Nxa6 bxa6 (22... Rxd1+ $16 {is a better defense.} 23. Rxd1 Qf6) 23. Qxc6 $18 Bb7 {[%emt 0:01:09] [#]} 24. Qb6 $1 Bd5 25. Qa5 ({Don't play} 25. Bxa6 $6 Rdb8 26. Qc5 Qxc5 27. Rxc5 Bb3 $16) 25... Bb3 (25... Bb7 $142 26. h3 Rxd1+ 27. Rxd1 Qe6) 26. Rxd8+ Rxd8 27. Qxa6 {[%emt 0:00:55] Threatens to win with Qb5.} Rd2 (27... Qb4 {was necessary.} 28. a5 Rd2 29. Qa8+ Kh7) 28. Bd3 {[%emt 0:00:27] Rc8+ would kill now.} e4 29. Qa8+ Kh7 30. Qxe4+ (30. Bxe4+ g6 31. Qc6 Be6) 30... Qxe4 31. Bxe4+ g6 $2 (31... f5 32. Bxf5+ g6) 32. a5 Rxb2 33. Ra1 Bc4 34. a6 f5 35. a7 {[%emt 0:00:02] Black got outplayed after the opening.   Weighted Error Value: White=0.05 (flawless) /Black=0.63.  Mistake:       	---       	Black=4      Inaccurate:     	---       	Black=3      OK:         	White=13    	Black=2      Best:        	White=3     	Black=2} 1-0

[Event "American Cup Women Champions 2024"]
[Site "Saint Louis"]
[Date "2024.03.21"]
[Round "5.2"]
[White "Lee, Alice"]
[Black "Krush, Irina"]
[Result "1-0"]
[ECO "E11"]
[WhiteElo "2356"]
[BlackElo "2421"]
[Annotator "RC"]
[PlyCount "77"]
[EventDate "2024.03.11"]
[EventType "k.o."]
[EventCountry "USA"]
[SourceTitle "playchess.com"]
[Source "ChessBase"]
[SourceQuality "1"]
[TimeControl "900+10"]

1. d4 Nf6 2. c4 e6 3. Nf3 Bb4+ 4. Bd2 a5 5. a3 Bxd2+ 6. Qxd2 d5 7. Nc3 O-O 8. e3 Nbd7 9. cxd5 exd5 10. Bd3 Qe7 11. O-O b6 12. Rac1 Bb7 13. Ne2 c5 14. Ng3 c4 15. Nf5 Qd8 16. Bb1 g6 17. Ng3 b5 18. Ne5 Qe7 19. f4 b4 20. axb4 axb4 21. e4 dxe4 22. Rfe1 c3 23. bxc3 bxc3 24. Qxc3 Nd5 25. Qb2 Rab8 26. Nxe4 Ba8 27. Qf2 Rfc8 28. Rxc8+ Rxc8 29. Ba2 N7b6 30. f5 f6 31. Ng4 Kg7 32. Nexf6 Qf7 33. Qh4 Kh8 34. fxg6 Qxg6 35. Bb1 Qg7 36. Bxh7 Nxf6 37. Bf5+ Nh7 38. Bxc8 Qxd4+ 39. Qf2 1-0